 Dungeon Crawl Stone Soup version 0.31-a0-263-ge8cad7f256 (webtiles) character file.

Game seed: 2279552638429606303

141 Iniera the Trooper (level 5, -1/38 HPs)
             Began as a Demonspawn Brigand on July 13, 2023.
             Slain by Natasha (4 damage)
             ... on level 2 of the Dungeon.
             The game lasted 00:05:27 (1573 turns).

Iniera the Trooper (Demonspawn Brigand)             Turns: 1573, Time: 00:05:28

Health: -1/38      AC:  9    Str: 13    XL:     5   Next: 3%
Magic:  14/14      EV:  9    Int: 13    God:
Gold:   102        SH:  0    Dex: 14    Spells: 4/4 levels left

rFire   . . .        a - +2 dagger
rCold   . . .        (no shield)
rNeg    . . .        k - +2 scale mail {Will+}
rPois   .            (helmet restricted)
rElec   .            c - +0 cloak
rCorr   .            (no gloves)
SInv    .            (no boots)
Will    +....        (no amulet)
Stlth   +            g - ring of magical power
HPRegen 0.26/turn    (no ring)
MPRegen 0.14/turn

%: no passive effects
@: unable to drink
A: antennae 1, powered by pain 1, demonic magic 1, frail 1, inability to drink
after injury 1, MP-powered wands
a: no special abilities


You were on level 2 of the Dungeon.
You visited 1 branch of the dungeon, and saw 3 of its levels.

You collected 102 gold pieces.

Inventory:

Hand Weapons
 a - a +2 dagger (weapon)
Armour
 c - a +0 cloak (worn)
 k - a +2 scale mail of willpower (worn)
Jewellery
 g - a ring of magical power (left hand)


   Skills:
 + Level 4.8 Fighting
 - Level 1.7 Short Blades
 - Level 2.0 Throwing
 + Level 1.3 Armour
 - Level 0.8 Dodging
 - Level 3.6 Stealth


You had 4 spell levels left.
You didn't know any spells.
Your spell library contained the following spells:

 Spells                   Type           Power      Damage    Failure   Level
 Call Canine Familiar     Summ           0%         N/A       99%         3
 Portal Projectile        Hex/Tloc       0%         N/A       99%         3
 Leda's Liquefaction      Hex/Erth       0%         N/A       100%        4


Dungeon Overview and Level Annotations

Branches:
Dungeon (3/15)

Altars:

Annotations:
D:2 Natasha


Innate Abilities, Weirdness & Mutations

You have a pair of small antennae on your head.
You sometimes gain a little power by taking damage.
Spells you cast may paralyse adjacent enemies.
You are frail. (-10% HP)
You occasionally lose the ability to drink potions when taking damage.
You expend magic power (3 MP) to strengthen your wands.


Message History

Throw: 3 darts (poison)
Press: ? - help, Q - select action Shift-Dir - straight line, f/p - Natasha
Aim: Natasha (55% to hit)
You throw a poisoned dart. The poisoned dart hits Natasha.
Natasha is poisoned.
Throw: 2 darts (poison)
Press: ? - help, Q - select action Shift-Dir - straight line, f/p - Natasha
Aim: Natasha (poisoned, 55% to hit)
You throw a poisoned dart.
The poisoned dart barely misses Natasha.
Natasha closely misses you.
Throw: dart (poison)
Press: ? - help, Q - select action Shift-Dir - straight line, f/p - Natasha
Aim: Natasha (poisoned, 55% to hit)
You throw a poisoned dart. The poisoned dart hits Natasha.
Natasha looks even sicker.
Natasha barely misses you.
You barely miss Natasha.
Your resistance to elements expires.
Natasha closely misses you.
You hit Natasha.
Natasha is lightly wounded.
Natasha extends her claws.
Natasha claws you.
You feel threatened and lose the ability to drink potions!
* * * LOW HITPOINT WARNING * * *
You hit Natasha but do no damage.
Natasha is lightly wounded.
You hit Natasha.
Natasha is moderately wounded.
Natasha claws you.
* * * LOW HITPOINT WARNING * * *
You barely miss Natasha.
Natasha is heavily wounded.
Natasha howls an incantation.
You feel disoriented. Natasha closely misses you.
You hit Natasha.
Natasha is almost dead.
Natasha claws you.
You die...

#.####..###<# #..>#
#.##.#.... #...##..###.#
#...# #.##.#..#.
###.........#
#...###.##......
#...#########
#..........#..#. #.###
#.......##.#..#. ..#
######..#.##......... ###
##...##..#>##.....####
##.....#...†##.#(......
##.....@....).†.†...###.
##......h#.##.##.#.#.###.
#.#.....(#.......#.#..##.
##...###.##...####.##.##.
#......#.##.#### #.##.##.
#.#............###.......
#.#.##.#.......##......##
#.#.....(......##.##...#
#.####.........##.#....#


You could see Natasha (very poisoned).

Vanquished Creatures
  Natasha (twice) (D:2)
  A gnoll (D:1)
  3 adders (D:2)
  2 worms (D:2)
  2 dart slugs (D:2)
  6 bats
  4 endoplasms
  A giant cockroach (D:2)
  3 goblins
  5 hobgoblins
  4 kobolds
  3 quokkas (D:2)
  4 ball pythons
  2 frilled lizards
  3 rats
45 creatures vanquished.

Notes
Turn   | Place    | Note
-------+----------+-------------------------------------------
     0 | D:1      | Iniera the Demonspawn Brigand began the quest for the Orb.
     0 | D:1      | Reached XP level 1. HP: 16/16 MP: 1/1
     0 | D:1      | Upgraded the game from 0.31-a0-246-g8cbcc1cb85 to
                  | 0.31-a0-263-ge8cad7f256
   148 | D:1      | Gained mutation: Spells you cast may paralyse adjacent
                  | enemies. [demonic ancestry]
   148 | D:1      | Reached XP level 2. HP: 20/23 MP: 2/2
   240 | D:1      | Reached skill level 3 in Fighting
   326 | D:1      | Reached XP level 3. HP: 26/29 MP: 3/3
   786 | D:2      | Reached skill level 4 in Fighting
   896 | D:2      | Gained mutation: You have a pair of small antennae on your
                  | head. [demonic ancestry]
   896 | D:2      | Reached XP level 4. HP: 20/37 MP: 4/4
  1183 | D:2      | Noticed Natasha
  1196 | D:2      | Killed Natasha
  1217 | D:2      | Found a faded altar of an unknown god.
  1511 | D:2      | Noticed Natasha
  1527 | D:2      | Gained mutation: You expend magic power (3 MP) to
                  | strengthen your wands. [potion of mutation]
  1527 | D:2      | Gained mutation: You occasionally lose the ability to drink
                  | potions when taking damage. [potion of mutation]
  1527 | D:2      | Gained mutation: You are frail. (-10% HP) [potion of
                  | mutation]
  1531 | D:2      | Reached skill level 1 in Armour
  1539 | D:2      | Killed Natasha
  1540 | D:2      | Gained mutation: You sometimes gain a little power by
                  | taking damage. [demonic ancestry]
  1540 | D:2      | Reached XP level 5. HP: 3/38 MP: 5/5
  1559 | D:2      | Noticed Natasha
  1573 | D:2      | Slain by Natasha

Illustrated notes

Levels and vault maps discovered:
D:1:      lightli_arrival_maybe_door_vault, layout_rooms, minivault_4
D:2:      layout_loops_cross, shapermc_ecumenical_altar_hornbeckon, minivault_4,
          uniq_natasha
D:3:      layout_rooms, lemuel_zombie_altar_kikubaaqudgha,
          mainiacjoe_overflow_boulevard

Skill      XL: |  1  2  3  4 |
---------------+-------------+-----
Throwing       | 2 |  2.0
Fighting       | 3 4 |  4.8
Armour         | 1 |  1.3
Short Blades   | |  1.7
Dodging        | |  0.8
Stealth        | |  3.6

Action                     |  1- 3 |  4- 6 || total
---------------------------+-------+-------++-------
  Melee: Dagger            |   104 |    46 ||   150
         Punch             |     1 |       ||     1
  Throw: Dart              |     7 |    39 ||    46
    Use: Potion            |       |     4 ||     4
         Scroll            |       |     3 ||     3
   Stab: Sleeping          |     4 |       ||     4
         Distracted        |     1 |       ||     1
 Armour: Robe              |    10 |       ||    10
         Ring mail         |    13 |       ||    13
         Chain mail        |    24 |    10 ||    34
         Scale mail        |       |    29 ||    29
  Dodge: Dodged            |    47 |    24 ||    71

Table legend: (Time is in decaauts)
 A = Elapsed time spent in this place.
 B = Non-inter-level travel time spent in this place.
 C = Inter-level travel time spent in this place.
 D = Time resting spent in this place.
 E = Time spent auto-exploring this place.
 F = Levels seen in this place.
 G = Mean time per level.
                   A        B        C        D        E       F      G
               +--------+--------+--------+--------+--------+-----+--------+
         Total |   1559 |   1521 |     38 |     10 |   1100 |   3 |  519.7 |
       Dungeon |   1559 |   1521 |     38 |     10 |   1100 |   3 |  519.7 |
               +--------+--------+--------+--------+--------+-----+--------+

Top non-repeatable levels by time:
     D:2: 1095 daAuts
     D:1: 458 daAuts
     D:3: 6 daAuts
